 Dungeon Crawl Stone Soup version 0.23.2-1-ga50397a (webtiles) character file.

Game seed: 11161660637642715269

6792 dvd the Cleaver (level 10, -2/77 HPs)
             Began as a Mummy Fighter on May 9, 2019.
             Was an Initiate of Gozag.
             Slain by a two-headed ogre
             ... wielding a +0 giant club
              (13 damage)
             ... on level 9 of the Dungeon.
             The game lasted 00:18:10 (8488 turns).

dvd the Cleaver (Mummy Fighter)                     Turns: 8488, Time: 00:18:11

Health: -2/77      AC: 19    Str: 24    XL:     10   Next: 76%
Magic:  10/10      EV:  5    Int:  9    God:    Gozag
Gold:   738        SH: 10    Dex: 13    Spells: 9/9 levels left

rFire    x . .     SeeInvis .   v - +0 war axe (elec)
rCold    + . .     Gourm    .   c - +0 shield
rNeg     + + +     Faith    .   e - +0 plate armour
rPois    ∞         Spirit   .   (no helmet)
rElec    .         Reflect  .   y - +1 cloak
rCorr    .         Harm     .   A - +2 pair of gloves {archery}
MR       +....                  (no boots)
Stlth    ..........             f - amulet of the acrobat
HPRegen  0.22/turn              j - +4 ring of strength
MPRegen  0.12/turn              p - ring of stealth

@: gold aura
A: no food or potions, fire vulnerability, cold resistance 1, negative energy
resistance 3, torment resistance, unbreathing
a: Potion Petition, Call Merchant, Bribe Branch, Renounce Religion


You were on level 9 of the Dungeon.
You worshipped Gozag.
Gozag was pleased with you.
You were not hungry.

You visited 2 branches of the dungeon, and saw 10 of its levels.

You collected 854 gold pieces.
You paid 116 gold pieces to Gozag.

Inventory:

Hand Weapons
 a - a +0 war axe
 r - a +0 whip of freezing
 u - a +0 broad axe
 v - a +0 war axe of electrocution (weapon)
 x - a +4 whip
 z - a +1 flail of crushing
 B - a +0 whip of electrocution
Missiles
 g - 2 steel tomahawks
 q - a tomahawk (quivered)
Armour
 b - a +0 scale mail
 c - a +0 shield (worn)
 e - a +0 plate armour (worn)
 l - a +0 chain mail
 s - a +2 robe of fire resistance
 y - a +1 cloak (worn)
 A - a +2 pair of gloves of archery (worn)
Jewellery
 f - an amulet of the acrobat (around neck)
 j - a +4 ring of strength (left hand)
 p - a ring of stealth (right hand)
 C - an uncursed amulet of magic regeneration
Wands
 h - a wand of paralysis (8)
 t - a wand of random effects (47)
 D - a wand of polymorph (6)
 G - a wand of flame (4)
Scrolls
 d - 7 scrolls of identify
 i - 3 scrolls of immolation
 k - 5 scrolls of remove curse
 m - 3 scrolls of blinking
 n - 2 scrolls of teleportation
 o - 3 scrolls of magic mapping
 w - a scroll of amnesia


   Skills:
 + Level 6.8 Fighting
 + Level 8.6 Axes
 + Level 3.4 Throwing
 * Level 7.8 Armour
 + Level 0.6 Dodging
 + Level 0.3 Stealth
 + Level 5.7 Shields


You had 9 spell levels left.
You didn't know any spells.
Your spell library was empty.

Dungeon Overview and Level Annotations

Branches:
Dungeon (9/15)             Temple (1/1) D:7
   Lair: D:8-11         Orc: D:9-12

Altars:
Ashenzari
Cheibriados
Dithmenos
Elyvilon
Fedhas
Gozag
Hepliaklqana
Kikubaaqudgha
Makhleb
Nemelex Xobeh
Okawaru
Qazlal
Ru
Sif Muna
Trog
Uskayaw
Vehumet
Wu Jian
Xom
Yredelemnul
Zin
The Shining One

Shops:
D:5 %   D:7 *   D:8 (


Innate Abilities, Weirdness & Mutations

You do not eat or drink.
Your flesh is vulnerable to fire.
You are immune to poison.
Your flesh is cold resistant. (rC+)
You are immune to negative energy. (rN+++)
You are immune to unholy pain and torment.
You can survive without breathing.


Message History

The hippogriff is severely wounded.
The hippogriff bites you.
The hippogriff pecks you but does no damage.
The hippogriff claws you but does no damage.
You slash the hippogriff!
The hippogriff is almost dead.
You barely miss the two-headed ogre. You block the hippogriff's attack. x2
The hippogriff claws you.
The two-headed ogre hits you with a +0 giant club!!
The two-headed ogre barely misses you.
The hippogriff bites you but does no damage.
The hippogriff barely misses you. x2
You hit the two-headed ogre.
The two-headed ogre is lightly wounded.
You hit the hippogriff but do no damage.
The two-headed ogre hits you with a +0 giant club!
* * * LOW HITPOINT WARNING * * *
The two-headed ogre hits you with a +0 giant club!
You die...
Your body crumbles into a pile of gold.

.##.##..... ##.###.#.(##....#
.... .......#...#....##.#..
#########'......#......
...........##(..#..... ##
>....)))..## #(.....# ..#
.....))....# #((....# ...#
..(<()..##..##.OH...###..(.
...()....#......@........(..
.#..####.....#...).......#..
....####.....##.........(...
.............###..........#
.........................##
......................#..#
......................# ###
.#...................####.#
.##...................#.#.####


You could see a two-headed ogre and a hippogriff.

Vanquished Creatures
  Harold (D:7)
  Pikel (D:3)
  Psyche (D:8)
  Prince Ribbit (D:8)
  Grinder (D:4)
  Grum (D:9)
  A hungry ghost (D:4)
  Menkaure (D:7)
  A water moccasin (D:5)
  Duvessa (D:5)
  2 porcupines (D:9)
  4 ice beasts
  2 orc warriors
  A sky beast (D:8)
  3 ogres
  A slave (D:3)
  A black bear (D:7)
  2 phantoms
  6 centaurs
  3 wolves (D:8)
  7 bullfrogs
  A gnoll sergeant (D:9)
  Dowan (D:5)
  3 scorpions
  3 killer bees (D:9)
  5 crimson imps
  2 quasits (D:8)
  A centaur skeleton (D:4)
  3 jellies
  5 hounds
  A bullfrog skeleton (D:7)
  2 iguanas (D:4)
  10 orc wizards
  5 worker ants
  A howler monkey zombie (D:7)
  20 gnolls
  A howler monkey skeleton (D:6)
  11 adders
  4 shadow imps
  2 adder skeletons (D:4)
  An adder zombie (D:6)
  2 worms
  3 dart slugs
  2 leopard geckos
  30 orcs
  A ball python (D:2)
  4 giant cockroaches
  3 goblins
  4 hobgoblins
  14 jackals
  2 quokkas
  7 bats
  9 frilled lizards
  A jackal skeleton (D:6)
  11 kobolds
  A quokka skeleton (D:4)
  8 rats
226 creatures vanquished.

Vanquished Creatures (others)
  A phantom (D:4)
  A slave (D:4)
  A hound (D:4)
  An orc (D:4)
  2 fungi (D:9)
6 creatures vanquished.

Grand Total: 232 creatures vanquished

Notes
Turn   | Place    | Note
-------+----------+-------------------------------------------
     0 | D:1      | dvd the Mummy Fighter began the quest for the Orb.
     0 | D:1      | Reached XP level 1. HP: 18/18 MP: 1/1
   191 | D:1      | Reached XP level 2. HP: 24/24 MP: 2/2
   426 | D:2      | Reached skill level 2 in Axes
   426 | D:2      | Reached XP level 3. HP: 29/29 MP: 3/3
   446 | D:2      | Found a shadowy altar of Dithmenos.
   921 | D:2      | Found a hazy altar of Hepliaklqana.
   999 | D:2      | Noticed a centaur
  1017 | D:2      | Killed a centaur
  1017 | D:2      | Reached XP level 4. HP: 14/35 MP: 4/4
  1017 | D:2      | Reached XP level 5. HP: 17/41 MP: 5/5
  1620 | D:2      | Found a blossoming altar of Fedhas.
  1876 | D:3      | Reached skill level 3 in Axes
  2032 | D:3      | Reached XP level 6. HP: 25/48 MP: 6/6
  2336 | D:3      | Noticed an ice beast
  2344 | D:3      | Killed an ice beast
  2543 | D:3      | Found a radiant altar of Vehumet.
  3082 | D:4      | Noticed a slave
  3084 | D:4      | Noticed Pikel
  3085 | D:4      | Noticed a slave
  3085 | D:4      | Noticed a slave
  3110 | D:3      | Killed a slave
  3127 | D:3      | Killed Pikel
  3127 | D:3      | Reached skill level 4 in Axes
  3127 | D:3      | Reached XP level 7. HP: 24/54 MP: 7/7
  3349 | D:4      | Found a hide-covered altar of Uskayaw.
  3556 | D:4      | Reached skill level 5 in Armour
  3556 | D:4      | Reached XP level 8. HP: 49/61 MP: 8/8
  3600 | D:4      | Found a stormy altar of Qazlal.
  3717 | D:4      | Noticed Grinder
  3747 | D:4      | Killed Grinder
  3747 | D:4      | Reached skill level 5 in Axes
  3760 | D:4      | Reached skill level 5 in Fighting
  4012 | D:5      | Entered Level 5 of the Dungeon
  4172 | D:5      | Found a glowing silver altar of Zin.
  4276 | D:5      | Found Futy's Food Emporium.
  4303 | D:5      | Found a radiant altar of Vehumet.
  4351 | D:5      | Noticed Dowan
  4357 | D:5      | Reached skill level 1 in Throwing
  4361 | D:5      | Killed Dowan
  4365 | D:5      | Reached XP level 9. HP: 47/68 MP: 9/9
  4471 | D:5      | Found a snail-covered altar of Cheibriados.
  4479 | D:5      | Noticed Duvessa
  4486 | D:5      | Reached skill level 6 in Axes
  4493 | D:5      | Killed Duvessa
  5511 | D:6      | Reached skill level 5 in Shields
  5653 | D:6      | Reached skill level 7 in Axes
  5880 | D:6      | Identified a scroll of acquirement
  5941 | D:7      | Noticed Menkaure
  5951 | D:7      | Killed Menkaure
  6009 | D:7      | Found an ornate altar of the Wu Jian Council.
  6014 | D:7      | Noticed Harold
  6023 | D:7      | Killed Harold
  6023 | D:7      | Reached XP level 10. HP: 31/76 MP: 10/10
  6385 | D:7      | Found an opulent altar of Gozag.
  6409 | D:7      | Found Gozag's Platinum Reserve.
  6415 | D:7      | Became a worshipper of Gozag Ym Sagoz the Greedy
  6517 | D:7      | Found a staircase to the Ecumenical Temple.
  6526 | Temple   | Entered the Ecumenical Temple
  6762 | D:7      | Found a shattered altar of Ashenzari.
  7047 | D:8      | Noticed Psyche
  7053 | D:8      | Killed Psyche
  7237 | D:8      | Noticed Prince Ribbit
  7285 | D:8      | Killed Prince Ribbit
  7285 | D:8      | Reached skill level 8 in Axes
  7615 | D:8      | Found Saroh's Antique Weapon Boutique.
  7682 | D:8      | Found a shimmering altar of Xom.
  7682 | D:8      | Found a sparkling altar of Nemelex Xobeh.
  7915 | D:9      | Noticed Grum
  7915 | D:9      | Noticed a two-headed ogre
  8477 | D:9      | Killed Grum
  8488 | D:9      | Slain by a two-headed ogre

Skill      XL: |  1  2  3  4  5  6  7  8  9 10 |
---------------+-------------------------------+-----
Axes           | 2 3 4 5 7 8 |  8.6
Armour         | 3 4 5 7 |  7.8
Shields        | 3 4 5 |  5.7
Fighting       | 4 5 6 |  6.8
Throwing       | 1 3 |  3.4
Dodging        | |  0.6
Stealth        | |  0.3

Action                   |  1- 3 |  4- 6 |  7- 9 | 10-12 || total
-------------------------+-------+-------+-------+-------++-------
Melee: War axe           |   136 |   205 |   261 |   192 ||   794
       Broad axe         |       |       |    32 |       ||    32
Throw: Tomahawk          |       |     8 |    26 |    78 ||   112
  Use: Scroll            |       |       |    11 |     1 ||    12
Armor: Scale mail        |    15 |       |       |       ||    15
       Plate armour      |    99 |   134 |   185 |   166 ||   584
Dodge: Dodged            |    43 |    51 |    93 |    71 ||   258
Block: Shield            |    88 |   117 |   192 |   120 ||   517
